 Dungeon Crawl Stone Soup version 0.27-a0-1188-g73eefd5def (webtiles) character file.

Game seed: 17856369375172526086

25 Glokmah the Chopper (level 2, -2/24 HPs)
             Began as a Demonspawn Monk on May 22, 2021.
             Slain by a quokka (5 damage)
             ... on level 1 of the Dungeon.
             The game lasted 00:01:01 (932 turns).

Glokmah the Chopper (Demonspawn Monk)                Turns: 932, Time: 00:01:02

Health: -2/24      AC:  2    Str: 11    XL:     2   Next: 86%
Magic:  2/2        EV: 12    Int: 11    God:
Gold:   39         SH:  0    Dex: 15    Spells: 1/1 levels left

rFire    . . .     SeeInvis .   a - +0 hand axe
rCold    . . .     Faith    .   (no shield)
rNeg     . . .     Spirit   .   b - +0 robe
rPois    .         Reflect  .   (no helmet)
rElec    .         Harm     .   (no cloak)
rCorr    .         Rampage  .   (no gloves)
Will     .....                  (no boots)
Stlth    ++........             (no amulet)
HPRegen  0.08/turn              (no ring)
MPRegen  0.08/turn              (no ring)

@: no status effects
A: talons 1
a: no special abilities


You were on level 1 of the Dungeon.
You visited 1 branch of the dungeon, and saw 1 of its levels.

You collected 39 gold pieces.

Inventory:

Hand Weapons
 a - a +0 hand axe (weapon)
Armour
 b - a +0 robe (worn)


   Skills:
 + Level 3.3 Fighting
 * Level 3.4 Axes
 - Level 2.6 Dodging
 - Level 1.7 Stealth


You had one spell level left.
You didn't know any spells.
Your spell library was empty.

Dungeon Overview and Level Annotations

Branches:
Dungeon (1/15)

Altars:


Innate Abilities, Weirdness & Mutations

You have sharp toenails.


Message History

A goblin comes into view. It is wielding a +0 dagger.
The goblin shouts!
Found 17 stones.
The goblin barely misses you.
You slash the goblin!
You kill the goblin!
You see here a +0 dagger.
You now have 39 gold pieces (gained 4).
You see here a +0 dagger.
You see here a +0 dagger.
You see here a bat corpse.
You see here a +0 hunting sling.
A quokka comes into view.
Found six items.
A hobgoblin comes into view.
The hobgoblin shouts!
Found a shiny ring mail and 21 gold pieces.
You closely miss the quokka. You hit the hobgoblin. The quokka bites you.
The hobgoblin hits you.
You closely miss the hobgoblin. You claw the hobgoblin.
The hobgoblin is severely wounded.
You hit the quokka but do no damage. The quokka bites you.
The hobgoblin hits you.
* * * LOW HITPOINT WARNING * * *
The quokka misses you. The hobgoblin closely misses you.
You completely miss the hobgoblin.
The hobgoblin is severely wounded.
You hit the quokka. The quokka completely misses you. The hobgoblin hits you.
* * * LOW HITPOINT WARNING * * *
You are too injured to fight recklessly!
The hobgoblin closely misses you. The quokka completely misses you.
The quokka bites you.
* * * LOW HITPOINT WARNING * * *
You aren't carrying any potions.
As you read the scroll labelled OHOFOPH XUGEN, it crumbles to dust.
It is a scroll of identify.
You don't have any unidentified items.
The quokka bites you.
You die...

...###.#....#########.#
..............# #.#
.#####..###.#....## #.#
.#($$#..# #.#.#.## #.#
.#?[$#..# #.#.#.# #.#
.#!!?#..#
#.#.#)##########.#
.#####..#
#...#............#
.......[#
###.##############
........#####@#
...........gr.#
###############


You could see a quokka and a hobgoblin.

Vanquished Creatures
  2 dart slugs (D:1)
  An endoplasm (D:1)
  A giant cockroach (D:1)
  2 goblins (D:1)
  3 hobgoblins (D:1)
  A quokka (D:1)
  4 bats (D:1)
  2 frilled lizards (D:1)
  3 kobolds (D:1)
  2 rats (D:1)
21 creatures vanquished.

Notes
Turn   | Place    | Note
-------+----------+-------------------------------------------
     0 | D:1      | Glokmah the Demonspawn Monk began the quest for the Orb.
     0 | D:1      | Reached XP level 1. HP: 18/18 MP: 1/1
     3 | D:1      | Noticed an electric eel
     5 | D:1      | Noticed an electric eel
   375 | D:1      | Gained mutation: You have sharp toenails. [demonic
                  | ancestry]
   375 | D:1      | Reached XP level 2. HP: 23/24 MP: 2/2
   648 | D:1      | Found a faded altar of an unknown god.
   932 | D:1      | Slain by a quokka

Illustrated notes

Levels and vault maps discovered:
D:1:      arrival_aquarium_b, layout_loops_ring,
          ebering_ecumenical_altar_sacrificial, due_unseen_surprise

Skill      XL: |  1 |
---------------+----+-----
Axes           | 3 |  3.4
Fighting       | |  3.3
Dodging        | |  2.6
Stealth        | |  1.7

Action                   || total
-------------------------++-------
Melee: Hand axe          ||    54
       Kick              ||     8
  Use: Scroll            ||     1
 Stab: Sleeping          ||     4
Armor: Robe              ||     5
Dodge: Dodged            ||    45

Table legend: (Time is in decaauts)
 A = Elapsed time spent in this place.
 B = Non-inter-level travel time spent in this place.
 C = Inter-level travel time spent in this place.
 D = Time resting spent in this place.
 E = Time spent auto-exploring this place.
 F = Levels seen in this place.
 G = Mean time per level.
                   A        B        C        D        E       F      G
               +--------+--------+--------+--------+--------+-----+--------+
         Total |    940 |    940 |      0 |      0 |    778 |   1 |  940.0 |
       Dungeon |    940 |    940 |      0 |      0 |    778 |   1 |  940.0 |
               +--------+--------+--------+--------+--------+-----+--------+

Top non-repeatable levels by time:
     D:1: 940 daAuts
